 Dungeon Crawl Stone Soup version 0.22.0-16-gc6d26f6 (webtiles) character file.

26511 Akransas the Peltast (level 13, -2/92 HPs)
             Began as a Merfolk Gladiator on Aug 15, 2018.
             Was the Champion of Hepliaklqana.
             Slain by a catoblepas (8 damage)
             ... on level 5 of the Lair of Beasts on Aug 17, 2018.
             The game lasted 02:01:23 (17759 turns).

Akransas the Peltast (Merfolk Gladiator)           Turns: 17759, Time: 02:01:24

Health: -2/92      AC: 16    Str: 21    XL:     13   Next: 26%
Magic:  13/13      EV:  2    Int:  8    God:    Hepliaklqana [******]
Gold:   1188       SH:  0    Dex: 20    Spells: 12/12 levels left

rFire    . . .     SeeInvis .   a - +0 trident
rCold    . . .     Gourm    .   x - +0 shield
rNeg     + + +     Faith    .   G - +3 chain mail
rPois    ∞         Spirit   .   p - +0 helmet
rElec    .         Reflect  .   n - +0 cloak
rCorr    .         Harm     .   O - +0 pair of gloves
MR       .....                  e - +1 pair of boots
Stlth    ..........             (no amulet)
HPRegen  0.25/turn              F - +4 ring of evasion
MPRegen  0.13/turn              M - ring "Lilepsia" {EV-3 Str+3 Dex+4} (curse)

@: petrified, studying Transmutations
A: change form in water, swift swim, stealthy swim, reduced essence
a: Recall Ancestor, Ancestor Identity, Transference, Idealise, Renounce Religion


You were on level 5 of the Lair of Beasts.
You worshipped Hepliaklqana.
Hepliaklqana was exalted by your worship.
You were not hungry.

You visited 2 branches of the dungeon, and saw 17 of its levels.
You also visited: Labyrinth.

You collected 1188 gold pieces.

Inventory:

Hand Weapons
 a - a +0 trident (weapon)
 d - a +0 glaive
Armour
 e - a +1 pair of boots (worn)
 n - a +0 cloak (worn)
 p - a +0 helmet (worn)
 x - a +0 shield (worn)
 G - a +3 chain mail (worn)
 O - a +0 pair of gloves (worn)
Jewellery
 j - an uncursed ring of protection from cold
 q - an uncursed ring of protection from fire
 r - a +1 ring of evasion
 D - the ring of Pride {+Blink rN+ MR+}
   (You found it in a labyrinth)

   [ring of protection from magic]

   It protects you from negative energy.
   It affects your resistance to hostile enchantments.
   It lets you blink.
 F - a +4 ring of evasion (left hand)
 M - the cursed ring "Lilepsia" (right hand) {EV-3 Str+3 Dex+4}
   (You found it in a labyrinth)

   [ring of evasion]

   It affects your evasion (-3).
   It affects your strength (+3).
   It affects your dexterity (+4).
   It has a curse placed upon it.
 N - an uncursed ring of protection from cold
 Y - an uncursed ring of poison resistance
Wands
 c - a wand of iceblast (26)
 m - a wand of polymorph (10)
 C - a wand of clouds (4)
 I - a wand of flame (37)
 L - a wand of digging (25)
 Z - a wand of enslavement (8)
Scrolls
 i - 6 scrolls of remove curse
 k - 3 scrolls of magic mapping
 l - 2 scrolls of amnesia {unknown}
 o - a scroll of silence
 s - 5 scrolls of teleportation
 y - 4 scrolls of blinking
 A - 2 scrolls of holy word {unknown}
 B - 4 scrolls of enchant armour {unknown}
 H - a scroll of vulnerability
 K - a scroll of fear
 S - a scroll of summoning
 X - 2 scrolls of enchant weapon {unknown}
Potions
 b - 2 potions of resistance
 g - a potion of invisibility
 t - 2 potions of flight
 v - 3 potions of mutation {unknown}
 w - 14 potions of curing
 z - 3 potions of heal wounds {unknown}
 E - 2 potions of agility {unknown}
 J - 4 potions of degeneration {unknown}
 R - 3 potions of cancellation {unknown}
 V - 2 potions of berserk rage {unknown}
Books
 W - a manual of Transmutations
Miscellaneous
 P - a lightning rod (4/4)
Comestibles
 f - 25 rations


   Skills:
 + Level 9.8 Fighting
 - Level 14.0 Polearms
 - Level 2.0 Throwing
 + Level 11.8 Dodging
 - Level 15.0 Shields


You had 12 spell levels left.
You didn't know any spells.
Your spell library contained the following spells:

 Spells                   Type           Power        Failure   Level  Hunger
 Fireball                 Conj/Fire      #.........   100%        5    ######.
 Conjure Flame            Conj/Fire      #.......     100%        3    ####...
 Bolt of Cold             Conj/Ice       #.........   100%        6    #######
 Throw Flame              Conj/Fire      #.....       100%        2    ###....
 Freezing Cloud           Conj/Ice/Air   #.........   100%        6    #######
 Mephitic Cloud           Conj/Pois/Air  #.......     100%        3    ####...
 Venom Bolt               Conj/Pois      #.........   100%        5    ######.
 Olgreb's Toxic Radiance  Pois           #.......     100%        4    #####..
 Summon Small Mammal      Summ           #...         99%         1    ##.....
 Ozocubu's Refrigeration  Ice            #.........   100%        6    #######
 Sticky Flame             Conj/Fire      #.......     100%        4    #####..
 Summon Ice Beast         Ice/Summ       #.......     100%        4    #####..
 Call Imp                 Summ           #.......     100%        2    ###....
 Sting                    Conj/Pois      #...         99%         1    ##.....
 Stone Arrow              Conj/Erth      #.....       100%        3    ####...
 Spider Form              Tmut/Pois      #.........   100%        3    ####...
 Blade Hands              Tmut           #.........   100%        5    ######.
 Ice Form                 Ice/Tmut       #.......     100%        4    #####..
 Flame Tongue             Conj/Fire      #....        99%         1    ##.....
 Passwall                 Tmut/Erth      #.......     100%        2    ###....
 Sticks to Snakes         Tmut           #.......     100%        2    ###....
 Call Canine Familiar     Summ           #.......     100%        3    ####...
 Metabolic Englaciation   Hex/Ice        #.........   100%        5    ######.
 Lee's Rapid Deconstruct  Erth           #.........   100%        5    ######.
 Sandblast                Erth           #.....       99%         1    ##.....
 Simulacrum               Ice/Necr       #.........   100%        6    #######
 Petrify                  Tmut/Erth      #.......     100%        4    #####..
 Inner Flame              Hex/Fire       #.......     100%        3    ####...
 Beastly Appendage        Tmut           #.....       99%         1    ##.....
 Summon Lightning Spire   Summ/Air       #.......     100%        4    #####..
 Summon Guardian Golem    Hex/Summ       #.......     100%        3    ####...
 Poisonous Vapours        Pois/Air       #.....       100%        2    ###....


Dungeon Overview and Level Annotations

Branches:
Dungeon (12/15)            Temple (0/1) D:6            Lair (5/6) D:8
 Shoals (0/4) Lair:3       Spider (0/4) Lair:2        Slime (0/5) Lair:5
    Orc (0/2) D:10

Altars:
Cheibriados
Elyvilon
Fedhas
Hepliaklqana
Nemelex Xobeh
Ru
Sif Muna
Trog
Uskayaw
Vehumet
Wu Jian
Xom
Yredelemnul
Jiyva

Shops:
D:4 :

Annotations:
D:7 exclusion: downstairs
D:12 Erolcha
Lair:5 exclusion: 2 oklob plants


Message History

The catoblepas breathes a plume of calcifying dust at you.
The blast of calcifying dust hits you!
You turn to flesh and can move again.
You hit the catoblepas.
The catoblepas is heavily wounded.
You are engulfed in calcifying dust.
You are slowing down.
The catoblepas gores you.
Your limbs are stiffening.
You have turned to stone.
The catoblepas gores you!
* * * LOW HITPOINT WARNING * * *
The fungus is no longer petrified.
The catoblepas gores you.
* * * LOW HITPOINT WARNING * * *
The catoblepas gores you but does no damage.
The catoblepas gores you!!
* * * LOW HITPOINT WARNING * * *
The catoblepas gores you!
* * * LOW HITPOINT WARNING * * *
The catoblepas gores you!
You die...

......#* #...###.#.....#P.#....##
($...#***######.##........####..#
###..*,,* ###....##...P#*#...
,,.#.,,,* ##.#..#..###,..##
,,,,,,,,* ##......P...,,..P,
,,,****,* #.P.#..>........,,
,*,,,,*** #...#..........,,*
,,,**,*,** ##.............#*,*
,,,,*,,*,*### #.@.###.........*,*
,,*,*.*,*##.###.Y#.....P.P#.,*,,*
,,,,*....#..#.##........P.*,,,*,,
*,,,*,#..............P....**,,,,*
,,,,.......#.P#..##.##....,,,*,,*
,,*,.#####.#.##..#*##,<...,,>,,,,
,,,,,,*,*.#...P...#*,,,,,,,,,,,,,
,,,,*,*,............,,***,,*,****
,,,,*,*,.###..#.###..,**,***,* *


You could see a catoblepas.

Vanquished Creatures
  A minotaur (Lab)
  Harold (D:10)
  A hydra (Lair:1)
  A death yak (Lair:5)
  A two-headed ogre (D:8)
  The ghost of Oddysee the Skirmisher, a novice MiFi of Okawaru (D:6)
  Sonja (Lair:1)
  An unseen horror (D:11)
  Pikel (D:4)
  4 elephants (Lair:5)
  A merfolk siren (Lair:3)
  A torpor snail (Lair:5)
  2 black mambas
  2 spiny frogs
  A rime drake (Lair:2)
  A minotaur skeleton (Lab)
  7 blink frogs
  A hippogriff (Lair:4)
  A redback (Lair:2)
  A wraith (D:11)
  16 yaks
  A basilisk (Lair:1)
  A steam dragon (D:8)
  Edmund (D:6)
  A soldier ant (D:10)
  3 water moccasins
  4 porcupines
  Duvessa (D:6)
  An ice beast (D:7)
  A slave (D:4)
  An orc warrior (D:9)
  6 wolves
  A necrophage (D:11)
  4 ogres
  3 centaurs
  3 crocodiles
  Blork the orc (D:4)
  3 big kobolds
  6 bullfrogs
  2 earth elementals (Lab)
  3 scorpions (D:8)
  2 wyvern skeletons
  2 killer bees (D:10)
  A spriggan skeleton (Lab)
  2 howler monkeys (D:10)
  3 crimson imps
  4 hounds
  3 jellies
  A bullfrog zombie (D:9)
  4 centaur skeletons
  A quasit (D:10)
  An orc priest (D:10)
  A bullfrog skeleton (D:11)
  2 iguanas
  Jessica (D:3)
  6 orc wizards
  5 worker ants
  2 hound skeletons
  A howler monkey zombie (D:8)
  Robin (D:2)
  10 adders
  2 adder skeletons
  An adder zombie (D:5)
  3 worms
  2 dart slugs
  7 leopard geckos
  22 orcs
  4 ball pythons
  4 bats
  6 giant cockroaches
  20 goblins
  9 hobgoblins
  7 jackals
  9 kobolds
  8 quokkas
  7 frilled lizards
  A leopard gecko skeleton (D:4)
  A quokka skeleton (D:7)
  A quokka zombie (D:3)
  5 rats
266 creatures vanquished.

Vanquished Creatures (collateral kills)
  A hydra (Lair:5)
  2 unseen horrors
  A spiny frog (Lair:2)
  A gargoyle (Lab)
  A komodo dragon (Lair:2)
  A troll (D:9)
  A polar bear (Lair:5)
  A blink frog (Lair:5)
  A shadow (D:11)
  3 basilisks
  2 yaks
  Menkaure (D:4)
  2 hungry ghosts
  4 water moccasins
  5 porcupines
  An orc warrior (D:8)
  An ice beast (D:10)
  An ogre (D:10)
  A sky beast (D:9)
  A black bear (D:10)
  A necrophage (D:10)
  3 wolves (Lair:4)
  A phantom (D:7)
  3 centaurs (D:11)
  6 crocodiles
  5 bullfrogs
  Dowan (D:6)
  2 killer bees (D:10)
  A troll skeleton (Lab)
  A howler monkey (D:10)
  2 bullfrog skeletons
  An orc priest (D:10)
  2 jellies
  5 orc wizards
  4 worker ants
  A hound skeleton (D:8)
  2 adders
  A shadow imp (D:8)
  An adder zombie (D:5)
  An adder skeleton (D:6)
  A leopard gecko (D:8)
  9 orcs
  3 giant cockroaches
  2 jackals
  3 kobolds
  A leopard gecko zombie (D:8)
  A plant (Lair:5)
96 creatures vanquished.

Vanquished Creatures (others)
  12 knights
  3 ancestors
  4 fungi
  7 plants
26 creatures vanquished.

Grand Total: 388 creatures vanquished

Notes
Turn   | Place    | Note
-------+----------+-------------------------------------------
     0 | D:1      | Akransas the Merfolk Gladiator began the quest for the Orb.
     0 | D:1      | Reached XP level 1. HP: 16/16 MP: 1/1
     0 | D:1      | Noticed an iron dragon
     0 | D:1      | Noticed an iron dragon
     2 | D:1      | Noticed an orb of fire
     4 | D:1      | Noticed an orb of fire
     5 | D:1      | Noticed a large abomination
     6 | D:1      | Noticed a shadow dragon
     7 | D:1      | Noticed a shadow dragon
     8 | D:1      | Noticed a shadow dragon
    10 | D:1      | Noticed a large abomination
    12 | D:1      | Noticed an iron dragon
    12 | D:1      | Noticed an ice dragon
    14 | D:1      | Noticed an orb of fire
    14 | D:1      | Noticed a red draconian
    16 | D:1      | Noticed a tentacled monstrosity
    18 | D:1      | Noticed an orb of fire
    18 | D:1      | Noticed an ice dragon
    20 | D:1      | Noticed an ice dragon
   112 | D:1      | Reached XP level 2. HP: 23/23 MP: 2/2
   198 | D:1      | Reached skill level 5 in Polearms
   558 | D:1      | Reached XP level 3. HP: 24/28 MP: 3/3
   935 | D:2      | Noticed Robin
   972 | D:1      | Reached XP level 4. HP: 19/34 MP: 4/4
  1166 | D:2      | Killed Robin
  1523 | D:3      | Noticed Jessica
  1705 | D:3      | Reached skill level 5 in Dodging
  1837 | D:3      | Reached XP level 5. HP: 40/41 MP: 5/5
  1849 | D:3      | Killed Jessica
  2203 | D:3      | Noticed a black bear
  2617 | D:4      | Noticed Blork the orc
  2711 | D:4      | Killed Blork the orc
  2711 | D:4      | Reached XP level 6. HP: 33/48 MP: 6/6
  3086 | D:4      | Noticed a slave
  3095 | D:4      | Noticed Menkaure
  3132 | D:4      | Found Ziebluwn's Book Emporium.
  3418 | D:4      | Found a white marble altar of Elyvilon.
  3418 | D:4      | Found a sacrificial altar of Ru.
  3423 | D:4      | Found a hazy altar of Hepliaklqana.
  3424 | D:4      | Found a hide-covered altar of Uskayaw.
  3424 | D:4      | Found a deep blue altar of Sif Muna.
  3424 | D:4      | Found a blossoming altar of Fedhas.
  3424 | D:4      | Found a radiant altar of Vehumet.
  3426 | D:4      | Found a bloodstained altar of Trog.
  3427 | D:4      | Found a snail-covered altar of Cheibriados.
  3428 | D:4      | Found an ornate altar of the Wu Jian Council.
  3429 | D:4      | Found a sparkling altar of Nemelex Xobeh.
  3432 | D:4      | Upgraded the game from 0.22.0-6-g71bd7aa to 0.22.0-16-gc6d26f6
  3440 | D:4      | Became a worshipper of Hepliaklqana the Forgotten
  3669 | D:4      | Noticed a slave
  3670 | D:4      | Noticed Pikel
  3670 | D:4      | Noticed a slave
  3670 | D:4      | Noticed a slave
  3680 | D:4      | Killed a slave
  3695 | D:4      | Killed Pikel
  3695 | D:4      | Reached skill level 5 in Fighting
  3695 | D:4      | Reached XP level 7. HP: 31/50 MP: 7/7
  3695 | D:4      | Reached XP level 8. HP: 34/55 MP: 8/8
  3881 | D:4      | Reached skill level 10 in Polearms
  4042 | D:4      | Killed Menkaure
  4100 | D:5      | Entered Level 5 of the Dungeon
  4388 | D:5      | Reached * piety under Hepliaklqana
  4422 | D:5      | Found a basalt altar of Yredelemnul.
  4721 | D:5      | Reached ** piety under Hepliaklqana
  4725 | D:5      | Remembered your ancestor Ahmose as a knight
  5006 | D:6      | Found a staircase to the Ecumenical Temple.
  5199 | D:6      | Noticed Edmund
  5216 | D:6      | Killed Edmund
  5216 | D:6      | Reached XP level 9. HP: 63/63 MP: 9/9
  5251 | D:6      | Noticed Duvessa
  5252 | D:6      | Noticed Dowan
  5269 | D:6      | Killed Duvessa
  5271 | D:6      | Killed Dowan
  5479 | D:6      | Found a runed door.
  5484 | D:6      | Noticed Oddysee's ghost (novice MiFi)
  5522 | D:6      | Killed Oddysee's ghost
  6630 | D:8      | Reached *** piety under Hepliaklqana
  6682 | D:8      | Noticed a two-headed ogre
  6827 | D:8      | Reached XP level 10. HP: 72/72 MP: 10/10
  6941 | D:8      | Reached skill level 10 in Dodging
  6941 | D:8      | Reached skill level 1 in Shields
  7019 | D:8      | Found a sacrificial altar of Ru.
  7118 | D:8      | Reached skill level 2 in Shields
  7139 | D:8      | Found a staircase to the Lair.
  7283 | D:8      | Killed a two-headed ogre
  7283 | D:8      | Reached skill level 3 in Shields
  7505 | D:8      | Reached skill level 4 in Shields
  7991 | D:9      | Reached skill level 5 in Shields
  8016 | D:9      | Reached **** piety under Hepliaklqana
  8031 | D:9      | Found a shimmering altar of Xom.
  8031 | D:9      | Found a shimmering altar of Xom.
  8032 | D:9      | Found a shimmering altar of Xom.
  8032 | D:9      | Found a shimmering altar of Xom.
  8033 | D:9      | Found a shimmering altar of Xom.
  8238 | D:9      | Found a shimmering altar of Xom.
  8239 | D:9      | Found a shimmering altar of Xom.
  8245 | D:9      | Noticed a black mamba
  8245 | D:9      | a spriggan changed into a black mamba
  8337 | D:9      | Reached skill level 6 in Shields
  8553 | D:9      | Killed an unseen horror
  8702 | D:10     | Entered Level 10 of the Dungeon
  8726 | D:10     | Reached skill level 7 in Shields
  8817 | D:10     | Killed an unseen horror
  8817 | D:10     | Reached skill level 8 in Shields
  8817 | D:10     | Reached XP level 11. HP: 40/78 MP: 11/11
  8950 | D:10     | Noticed Harold
  8974 | D:10     | Killed Harold
  8996 | D:10     | Reached skill level 9 in Shields
  9030 | D:10     | Found a staircase to the Orcish Mines.
  9809 | D:11     | Killed an unseen horror
  9809 | D:11     | Reached skill level 10 in Shields
 10397 | D:12     | Noticed Erolcha
 10403 | D:12     | Reached skill level 11 in Shields
 10491 | Lair:1   | Entered Level 1 of the Lair of Beasts
 10511 | Lair:1   | Noticed a four-headed hydra
 10565 | Lair:1   | Reached ***** piety under Hepliaklqana
 11089 | Lair:1   | Killed a five-headed hydra
 11246 | Lair:1   | Noticed Sonja
 11887 | Lair:1   | Killed Sonja
 12086 | Lair:2   | Reached skill level 12 in Shields
 12086 | Lair:2   | Reached XP level 12. HP: 77/84 MP: 12/12
 12355 | Lair:2   | Found a hole to the Spider Nest.
 12405 | Lair:2   | Reached skill level 13 in Shields
 13099 | Lair:3   | Found a staircase to the Shoals.
 13869 | Lair:4   | Reached ****** piety under Hepliaklqana
 14060 | Lair:4   | Reached skill level 14 in Shields
 15253 | Lair:5   | Found a labyrinth entrance.
 15268 | Lab      | Entered a labyrinth
 16027 | Lab      | Reached skill level 15 in Shields
 16564 | Lab      | Reached XP level 13. HP: 89/89 MP: 13/13
 17147 | Lab      | Noticed a minotaur
 17176 | Lab      | Killed a minotaur
 17202 | Lab      | Got a sparkling lead ring
 17202 | Lab      | Got a fine wooden ring
 17214 | Lair:5   | Identified the ring of Pride {+Blink rN+ MR+} (You found it in a labyrinth)
 17216 | Lair:5   | Identified the cursed ring "Lilepsia" {EV-3 Str+3 Dex+4} (You found it in a labyrinth)
 17263 | Lair:5   | Found a viscous altar of Jiyva.
 17263 | Lair:5   | Found a staircase to the Slime Pits.
 17759 | Lair:5   | Slain by a catoblepas

Skill      XL: |  1  2  3  4  5  6  7  8  9 10 11 12 13 |
---------------+----------------------------------------+-----
Polearms       | 5 6 7 9 11 13 14 | 14.0
Fighting       | 3 5 6 7 8 9 |  9.8
Dodging        | 5 7 8 9 10 11 | 11.8
Shields        | 8 12 15 | 15.0
Throwing       | |  2.0

Action                   |  1- 3 |  4- 6 |  7- 9 | 10-12 | 13-15 || total
-------------------------+-------+-------+-------+-------+-------++-------
Melee: Trident           |   109 |   137 |       |   563 |   134 ||   943
       Glaive            |       |    64 |   171 |   272 |       ||   507
Throw: Throwing net      |       |     5 |       |     6 |     1 ||    12
Invok: Ancestor Life: Kn |       |       |     1 |       |       ||     1
       Recall Ancestor   |       |       |       |     5 |     1 ||     6
Evoke: Wand              |       |       |     1 |     3 |       ||     4
  Use: Scroll            |       |     4 |     3 |     7 |     6 ||    20
       Potion            |       |     1 |     1 |     2 |     2 ||     6
 Stab: Sleeping          |     2 |     4 |     2 |       |       ||     8
       Held in net/web   |       |     3 |       |       |     4 ||     7
       Distracted        |       |     1 |     2 |     9 |     2 ||    14
       Invisible         |       |       |       |     1 |       ||     1
  Eat: Chunk             |       |     9 |    10 |    17 |     2 ||    38
       Ration            |       |       |       |     5 |       ||     5
Armor: Leather armour    |    18 |    18 |       |       |       ||    36
       Animal skin       |       |    18 |    14 |       |       ||    32
       Chain mail        |       |       |    10 |   181 |    18 ||   209
Dodge: Dodged            |    70 |   109 |    62 |   206 |    29 ||   476
Block: Shield            |       |       |       |   205 |    53 ||   258
